 Dungeon Crawl Stone Soup version 0.28-a0-674-gdaf460b524 (webtiles) character file.

Game seed: 17283824030229648309

121 pokeman the Magician (level 4, 0/25 HPs)
             Began as a Deep Elf Hedge Wizard on Oct 17, 2021.
             Slain by a hound (1 damage)
             ... on level 2 of the Dungeon.
             The game lasted 00:05:49 (2059 turns).

pokeman the Magician (Deep Elf Hedge Wizard)        Turns: 2059, Time: 00:05:49

Health: 0/25       AC:  3    Str:  7    XL:     4   Next: 77%
Magic:  2/13       EV: 12    Int: 20    God:
Gold:   46         SH:  0    Dex: 14    Spells: 3/14 levels left

rFire   . . .      SeeInvis .   a - +0 dagger
rCold   . . .      Faith    .   (no shield)
rNeg    . . .      Spirit   .   g - +0 leather armour
rPois   .          Reflect  .   c - +0 hat
rElec   .          Harm     .   (no cloak)
rCorr   .          Rampage  .   (no gloves)
Will    .....                   (no boots)
Stlth   ++........              (no amulet)
HPRegen 0.08/turn               (no ring)
MPRegen 0.13/turn               (no ring)

@: no status effects
A: no striking features
a: no special abilities


You were on level 2 of the Dungeon.
You visited 1 branch of the dungeon, and saw 2 of its levels.

You collected 46 gold pieces.

Inventory:

Hand Weapons
 a - a +0 dagger (weapon)
Missiles
 b - 26 arrows
 f - 20 bolts
Armour
 c - a +0 hat (worn)
 g - a +0 leather armour (worn)
Scrolls
 e - 2 scrolls of vulnerability {unknown}
 h - a scroll of identify {unknown}
 i - a scroll of teleportation {unknown}
Potions
 d - a potion of haste {unknown}


   Skills:
 - Level 1.0 Fighting
 - Level 1.0 Armour
 + Level 2.9 Dodging
 - Level 2.4 Stealth
 * Level 5.9 Spellcasting
 + Level 2.3 Conjurations
 - Level 1.1 Summonings
 - Level 1.1 Translocations
 - Level 1.0 Fire Magic
 + Level 0.1 Air Magic


You had 3 spell levels left.
You knew the following spells:

 Your Spells              Type           Power      Damage    Failure   Level
a - Magic Dart            Conj           60%        1d6       6%          1
b - Mephitic Cloud        Conj/Pois/Air  9%         N/A       32%         3
c - Call Imp              Summ           10%        N/A       14%         2
d - Blink                 Tloc           N/A        N/A       14%         2
e - Conjure Flame         Conj/Fire      12%        6-21      22%         3

Your spell library contained the following spells:

 Spells                   Type           Power      Damage    Failure   Level
 Freeze                   Ice            20%        1d4       16%         1
 Slow                     Hex            5%         N/A       24%         2
 Frozen Ramparts          Ice            10%        1d3       43%         3
 Tukima's Dance           Hex            5%         N/A       43%         3
 Hailstorm                Conj/Ice       10%        3d5       67%         4
 Passage of Golubria      Tloc           10%        N/A       67%         4
 Yara's Violent Unravell  Hex/Tmut       2%         3d3       99%         5


Dungeon Overview and Level Annotations

Branches:
Dungeon (2/15)

Altars:

Annotations:
D:2 1 runed translucent door, Crazy Yiuf


Message History

You hit the howler monkey skeleton.
The howler monkey skeleton is heavily damaged.
The howler monkey skeleton hits you.
You completely miss the howler monkey skeleton.
The howler monkey skeleton is heavily damaged.
The howler monkey skeleton closely misses you.
You hit the howler monkey skeleton.
The howler monkey skeleton is heavily damaged.
The howler monkey skeleton barely misses you.
You hit the howler monkey skeleton.
The howler monkey skeleton is heavily damaged.
The howler monkey skeleton hits you.
You hit the howler monkey skeleton.
The howler monkey skeleton is severely damaged.
The howler monkey skeleton hits you.
* * * LOW HITPOINT WARNING * * *
You hit the howler monkey skeleton.
The howler monkey skeleton is severely damaged.
The howler monkey skeleton hits you but does no damage.
Casting: Magic Dart (safe; 6% risk of failure)
Confirm with . or Enter, or press ? or * to list all spells.
A beastly little devil appears in a puff of flame.
The howler monkey skeleton hits you but does no damage.
Your crimson imp hits the howler monkey skeleton.
The goblin barely misses your crimson imp.
Your crimson imp barely misses the howler monkey skeleton.
A hound comes into view.
The goblin closely misses your crimson imp.
The goblin throws a stone.
The stone completely misses your crimson imp.
The stone hits the howler monkey skeleton.
The hound bites you.
* * * LOW HITPOINT WARNING * * *
The hound bites you.
* * * LOW HITPOINT WARNING * * *
Your crimson imp blinks!
The hound barely misses you.
There is an escape hatch in the ceiling here.
The hound bites you.
You die...

.... #.##....##
##†## ...
#.##.....######..#
# ..
#.##..g#..5.g...##
####
#.#....###....###
...#
###.#......######
...#
#..............
...#
#...#..####....
...# #...#Zh# .##.
#### #. #.@# # # #
#..# # #..# # #..#
# #..# # #... #
#.## #.


You could see a hound, a goblin and a howler monkey skeleton.

Vanquished Creatures
  Terence (D:2)
  Natasha (twice) (D:2)
  An adder skeleton (D:2)
  A worm (D:2)
  2 dart slugs
  5 endoplasms
  3 giant cockroaches (D:1)
  5 goblins
  4 hobgoblins
  A quokka (D:1)
  4 ball pythons (D:2)
  3 frilled lizards (D:2)
  3 kobolds (D:1)
  2 rats (D:1)
37 creatures vanquished.

Notes
Turn   | Place    | Note
-------+----------+-------------------------------------------
     0 | D:1      | pokeman the Deep Elf Hedge Wizard began the quest for the
                  | Orb.
     0 | D:1      | Reached XP level 1. HP: 10/10 MP: 7/7
   232 | D:1      | Found a faded altar of an unknown god.
   481 | D:1      | Reached XP level 2. HP: 16/16 MP: 1/9
  1156 | D:1      | Reached skill level 5 in Spellcasting
  1430 | D:2      | Found a runed translucent door.
  1431 | D:2      | Noticed Crazy Yiuf
  1449 | D:2      | Reached XP level 3. HP: 20/20 MP: 6/11
  1453 | D:2      | Learned a level 3 spell: Mephitic Cloud
  1456 | D:2      | Learned a level 2 spell: Call Imp
  1459 | D:2      | Learned a level 2 spell: Blink
  1463 | D:2      | Learned a level 3 spell: Conjure Flame
  1557 | D:2      | Noticed Natasha
  1567 | D:2      | Killed Natasha
  1568 | D:2      | Reached skill level 1 in Fighting
  1568 | D:2      | Reached skill level 1 in Armour
  1812 | D:2      | Noticed Terence
  1825 | D:2      | Killed Terence
  1826 | D:2      | Reached XP level 4. HP: 18/25 MP: 4/13
  1877 | D:2      | Noticed Natasha
  1884 | D:2      | Killed Natasha
  1885 | D:2      | Reached skill level 1 in Fire Magic
  2054 | D:2      | HP: 1/25 [hound (3)]
  2059 | D:2      | Slain by a hound

Illustrated notes

Levels and vault maps discovered:
D:1:      lightli_arrival_isolated_outpost, layout_rooms,
          hellmonk_ecumenical_altar_run_dry, minmay_tetromino_o2
D:2:      layout_basic, serial_shops, nicolae_lakefront_shop,
          minmay_misc_feat_tower, minmay_randomly_rotated_circles, uniq_natasha,
          uniq_crazy_yiuf_cottage, uniq_terence

Skill      XL: |  1  2  3  4 |
---------------+-------------+-----
Spellcasting   | 5 |  5.9
Fighting       | 1 |  1.0
Armour         | 1 |  1.0
Conjurations   | 2 |  2.3
Fire Magic     | 1 |  1.0
Dodging        | |  2.9
Stealth        | |  2.4
Summonings     | |  1.1
Translocations | |  1.1
Air Magic      | |  0.1

Action                   |  1- 3 |  4- 6 || total
-------------------------+-------+-------++-------
Melee: Dagger            |     8 |    13 ||    21
 Cast: Magic Dart        |    96 |    17 ||   113
       Mephitic Cloud    |     2 |     1 ||     3
       Conjure Flame     |     1 |     2 ||     3
       Call Imp          |       |     1 ||     1
Armor: Robe              |     2 |       ||     2
       Leather armour    |     1 |     2 ||     3
Dodge: Dodged            |     8 |     9 ||    17

Table legend: (Time is in decaauts)
 A = Elapsed time spent in this place.
 B = Non-inter-level travel time spent in this place.
 C = Inter-level travel time spent in this place.
 D = Time resting spent in this place.
 E = Time spent auto-exploring this place.
 F = Levels seen in this place.
 G = Mean time per level.
                   A        B        C        D        E       F      G
               +--------+--------+--------+--------+--------+-----+--------+
         Total |   2068 |   2040 |     28 |    108 |   1644 |   2 | 1034.0 |
       Dungeon |   2068 |   2040 |     28 |    108 |   1644 |   2 | 1034.0 |
               +--------+--------+--------+--------+--------+-----+--------+

Top non-repeatable levels by time:
     D:1: 1304 daAuts
     D:2: 763 daAuts
